 Dungeon Crawl Stone Soup version 0.27.1-15-g792fb953b9 (webtiles) character file.

Game seed: 16109246523408111215

11 Baconl0rd the Shield-Bearer (level 2, -4/27 HPs)
             Began as a Minotaur Fighter on Nov 19, 2021.
             Was an Initiate of Ru.
             Frozen to death by an endoplasm (5 damage)
             ... on level 1 of the Dungeon.
             The game lasted 00:00:51 (702 turns).

Baconl0rd the Shield-Bearer (Minotaur Fighter)       Turns: 702, Time: 00:00:51

Health: -4/27      AC:  7    Str: 20    XL:     2   Next: 13%
Magic:  1/1        EV:  7    Int:  5    God:    Ru [......]
Gold:   41         SH:  9    Dex:  9    Spells: 1/1 levels left

rFire    . . .     SeeInvis .   a - +0 long sword
rCold    . . .     Faith    .   c - +0 kite shield
rNeg     . . .     Spirit   .   b - +0 scale mail
rPois    .         Reflect  .   (helmet restricted)
rElec    .         Harm     .   (no cloak)
rCorr    .         Rampage  .   (no gloves)
Will     .....                  (no boots)
Stlth    ..........             (no amulet)
HPRegen  0.09/turn              (no ring)
MPRegen  0.07/turn              (no ring)

@: no status effects
A: horns 2, retaliatory headbutt
a: Renounce Religion, Sacrifice Love, Sacrifice Arcana, Sacrifice Skill, Reject
Sacrifices


You were on level 1 of the Dungeon.
You worshipped Ru.
Ru was noncommittal.
You visited 1 branch of the dungeon, and saw 1 of its levels.

You collected 41 gold pieces.

Inventory:

Hand Weapons
 a - a +0 long sword (weapon)
Armour
 b - a +0 scale mail (worn)
 c - a +0 kite shield (worn)
Potions
 d - a potion of might


   Skills:
 + Level 3.8 Fighting
 + Level 2.5 Long Blades
 + Level 3.9 Armour
 + Level 3.9 Shields


You had one spell level left.
You didn't know any spells.
Your spell library was empty.

Dungeon Overview and Level Annotations

Branches:
Dungeon (1/15)

Altars:
Ru


Innate Abilities, Weirdness & Mutations

You have a pair of horns on your head.
You reflexively headbutt those who attack you in melee.


Message History

The endoplasm freezes you.
You are frozen.
The endoplasm hits you but does no damage.
You block the endoplasm's attack. The endoplasm freezes you.
You are frozen.
The endoplasm freezes you.
You are frozen.
You block the endoplasm's attack.
The endoplasm hits you but does no damage.
The endoplasm hits you. The endoplasm barely misses you.
You furiously retaliate!
You headbutt the endoplasm. You block the endoplasm's attack.
The endoplasm hits you but does no damage.
You block the endoplasm's attack.
The endoplasm hits you but does no damage.
The endoplasm freezes you.
You are frozen.
The endoplasm hits you but does no damage.
The endoplasm freezes you.
You are frozen.
You block the endoplasm's attack. You block the endoplasm's attack.
The endoplasm freezes you.
You are frozen.
* * * LOW HITPOINT WARNING * * *
The endoplasm freezes you.
You are frozen.
* * * LOW HITPOINT WARNING * * *
The endoplasm hits you but does no damage.
The endoplasm closely misses you. The endoplasm freezes you.
You are frozen.
* * * LOW HITPOINT WARNING * * *
The endoplasm barely misses you. You block the endoplasm's attack.
The endoplasm freezes you.
You are frozen.
You die...

#.##. #. #.##. #. #.##.
#. #.##. #. ####.##. #.
#....... #. #......#
###.#J##########......#
#.....@........'......#
#####.##########......#
#. #......# #. #......#
#. ######## #. #. #.


You could see an endoplasm.

Vanquished Creatures
  2 endoplasms (D:1)
  A giant cockroach (D:1)
  A hobgoblin (D:1)
  3 kobolds (D:1)
  A ball python (D:1)
  A rat (D:1)
  A spectral hobgoblin (D:1)
10 creatures vanquished.

Notes
Turn   | Place    | Note
-------+----------+-------------------------------------------
     0 | D:1      | Baconl0rd the Minotaur Fighter began the quest for the Orb.
     0 | D:1      | Reached XP level 1. HP: 19/19 MP: 0/0
   449 | D:1      | Found a faded altar of an unknown god.
   457 | D:1      | Became a worshipper of Ru the Awakened
   470 | D:1      | Reached XP level 2. HP: 20/27 MP: 1/1
   699 | D:1      | HP: 1/27 [frozen (2)]
   702 | D:1      | Frozen to death by an endoplasm

Illustrated notes

Levels and vault maps discovered:
D:1:      scummos_arrival_star, layout_basic,
          dreamdust_ecumenical_altar_drowned_temple, minmay_tripent

Action                   || total
-------------------------++-------
Melee: Long sword        ||    17
       Headbutt          ||     5
Armor: Scale mail        ||    24
Dodge: Dodged            ||    13
Block: Kite shield       ||    31
       Rpst.: Long sword ||     2
